 Dungeon Crawl Stone Soup version 0.25-a0-513-ge77a69270c (webtiles) character file.

Game seed: 3410473279047672176, levelgen mode: deterministic

38361 Eurus the Thaumaturge (level 13, 0/103 HPs)
             Began as a Mummy Conjurer on Feb 16, 2020.
             Was a Priest of Ashenzari.
             Slain by a two-headed ogre
             ... wielding a +0 giant club
              (14 damage)
             ... on level 11 of the Dungeon.
             The game lasted 01:10:08 (30405 turns).

Eurus the Thaumaturge (Mummy Conjurer)             Turns: 30405, Time: 01:10:08

Health: 0/103      AC: 12    Str: 12    XL:     13   Next: 63%
Magic:  27/28      EV: 10    Int: 18    God:    Ashenzari [***...]
Gold:   944        SH: 11    Dex: 18    Spells: 28/35 levels left

rFire    . . .     SeeInvis +   t - +4 spear (curse)
rCold    + . .     Gourm    .   J - +0 kite shield
rNeg     + + +     Faith    .   v - +3 leather armour {rF+}
rPois    ∞         Spirit   .   i - +0 helmet
rElec    .         Reflect  .   e - +0 cloak
rCorr    .         Harm     .   B - +0 pair of gloves
MR       +....                  q - +0 pair of boots
Stlth    ++........             (no amulet)
HPRegen  0.27/turn              l - ring of wizardry
MPRegen  0.21/turn              g - +5 ring of dexterity (curse)

@: studying Hexes
A: no food or potions, fire vulnerability, cold resistance 1, negative energy
resistance 3, torment resistance, unbreathing, in touch with death 1
a: Curse Item, Scrying, Renounce Religion


You were on level 11 of the Dungeon.
You worshipped Ashenzari.
Ashenzari was most pleased with you.
You were not hungry.

You visited 4 branches of the dungeon, and saw 19 of its levels.

You collected 944 gold pieces.

Inventory:

Hand Weapons
 t - a cursed +4 spear (weapon)
Armour
 e - a +0 cloak (worn)
 i - a +0 helmet (worn)
 q - a +0 pair of boots (worn)
 r - a +0 tower shield
 s - a +1 leather armour of cold resistance
 v - a +3 leather armour of fire resistance (worn)
 B - a +0 pair of gloves (worn)
 I - +0 steam dragon scales
 J - a +0 kite shield (worn)
 K - +0 acid dragon scales
Magical Staves
 F - an uncursed staff of wizardry
Jewellery
 a - a +4 ring of dexterity
 g - a cursed +5 ring of dexterity (right hand)
 k - an uncursed ring of resist corrosion
 l - a ring of wizardry (left hand)
 p - an uncursed ring of fire
 w - an uncursed ring of wizardry
 C - an uncursed ring of fire
 H - a +3 ring of strength
Wands
 c - a wand of iceblast (17)
 f - a wand of paralysis (30)
 h - a wand of digging (6)
 j - a wand of random effects (34)
 x - a wand of enslavement (5)
 y - a wand of flame (4)
 z - a wand of disintegration (21)
 D - a wand of polymorph (6)
Scrolls
 b - 13 scrolls of remove curse
 d - 2 scrolls of magic mapping
 m - 14 scrolls of identify
 n - 3 scrolls of fog
 o - 7 scrolls of teleportation
 A - a scroll of fear
 E - a scroll of enchant armour
 G - a scroll of vulnerability
Books
 u - a manual of Hexes


   Skills:
 - Level 10.0 Fighting
 + Level 8.1 Armour
 - Level 1.5 Dodging
 - Level 1.5 Stealth
 + Level 8.0 Shields
 + Level 11.9 Spellcasting
 + Level 9.4 Conjurations
 + Level 8.0 Translocations


You had 28 spell levels left.
You knew the following spells:

 Your Spells              Type           Power        Failure   Level  Hunger
a - Magic Dart            Conj           ####         1%          1    N/A
b - Searing Ray           Conj           #####.       1%          2    N/A
c - Iskenderun's Mystic   Conj/Tloc      #####...     2%          4    N/A

Your spell library contained the following spells:

 Spells                   Type           Power        Failure   Level  Hunger
 Apportation              Tloc           #####.       1%          1    N/A
 Foxfire                  Conj/Fire      ####         1%          1    N/A
 Conjure Flame            Conj/Fire      ####....     3%          3    N/A
 Dazzling Flash           Conj/Hex       ####..       3%          3    N/A
 Animate Skeleton         Necr           N/A          9%          1    N/A
 Corona                   Hex            ##.....      9%          1    N/A
 Summon Small Mammal      Summ           ##..         9%          1    N/A
 Fulminant Prism          Conj/Hex       ####......   12%         4    N/A
 Sticky Flame             Conj/Fire      ####....     12%         4    N/A
 Ignite Poison            Fire/Tmut/Pois ##......     24%         3    N/A
 Inner Flame              Hex/Fire       ##......     24%         3    N/A
 Fireball                 Conj/Fire      ####......   30%         5    N/A
 Irradiate                Conj/Tmut      ####......   30%         5    N/A
 Petrify                  Tmut/Erth      ##......     58%         4    N/A
 Alistair's Intoxication  Tmut/Pois      ##......     89%         5    N/A
 Eringya's Noxious Bog    Tmut/Pois      ##........   100%        6    N/A
 Sublimation of Blood     Necr           Unusable     N/A         2    N/A

Dungeon Overview and Level Annotations

Branches:
Dungeon (11/15)            Temple (1/1) D:7            Lair (6/6) D:11
 Shoals (0/4) Lair:3        Snake (0/4) Lair:2        Slime (0/5) Lair:6
    Orc (1/2) D:11

Altars:
Ashenzari
Cheibriados
Elyvilon
Kikubaaqudgha
Makhleb
Okawaru
Qazlal
Trog
Vehumet
Xom
The Shining One

Annotations:
D:2 Sigmund
D:3 1 runed translucent door, zaran's ghost, weakling OpFi
D:6 exclusions: 4 centaurs, hippogriff and 1 more exclusion
D:7 Joseph
D:9 3 runed translucent doors, Gargoyl's ghost, novice CeAK
D:10 3 runed translucent doors
Lair:3 exclusion: 4 oklob plants


Innate Abilities, Weirdness & Mutations

You do not eat or drink.
Your flesh is vulnerable to fire.
You are immune to poison.
Your flesh is cold resistant. (rC+)
You are immune to negative energy. (rN+++)
You are immune to unholy pain and torment.
You can survive without breathing.
You are in touch with the powers of death.


Message History

The two-headed ogre hits you but does no damage.
You block the two-headed ogre's attack.
The ogre hits you with a +0 giant club!!
The ogre mage hits you but does no damage.
The two-headed ogre hits you with a +0 giant club!!
The two-headed ogre barely misses you.
The ogre mage casts a spell at the two-headed ogre.
The two-headed ogre seems to speed up.
The two-headed ogre barely misses you. You block the two-headed ogre's attack.
The two-headed ogre hits you with a +0 giant club.
You block the two-headed ogre's attack.
The two-headed ogre hits you with a +0 giant club.
You block the two-headed ogre's attack.
The ogre mage casts a spell.
The ogre mage blinks!
The two-headed ogre barely misses you. The two-headed ogre closely misses you.
The two-headed ogre hits you with a +0 giant club!!
* * * LOW HITPOINT WARNING * * *
The two-headed ogre hits you with a +0 giant club!
You die...

...#.....'.....#.................
.........#.....#.................
...≈.≈...#.....#.................
≈..≈≈....#.....#.................
≈.≈≈≈...##.....##################
.≈≈≈≈............................
≈≈≈≈≈≈...........................
≈≈≈≈≈≈..............O.........)..
................@O...O........)>.
≈≈≈≈≈≈.............O..O..........
≈≈≈................O........%....
≈≈≈≈≈≈..........>....=...........
≈≈≈≈≈.........>..................
.≈≈..............................
.........#########'###+####'#####
.........#................#....#.
..#......#................#....#.


You could see 4 two-headed ogres, an ogre mage and an ogre.

Vanquished Creatures
  3 hydras
  5 two-headed ogres
  A death yak (Lair:2)
  Pikel (D:7)
  A necromancer (Lair:3)
  2 elephants (Lair:3)
  4 black mambas
  6 spiny frogs
  A gargoyle (D:11)
  4 rime drakes
  6 komodo dragons
  A polar bear (Lair:3)
  2 trolls
  A queen bee (Lair:3)
  A hornet (D:10)
  3 dream sheep (Lair:6)
  12 blink frogs
  12 hippogriffs
  4 wyverns
  39 yaks
  2 water elementals (D:11)
  5 basilisks
  A steam dragon (Lair:3)
  A hungry ghost (D:11)
  7 porcupines
  14 water moccasins
  2 orc warriors (D:11)
  4 black bears
  An ice beast (D:6)
  8 phantoms
  15 wolves
  An eye of draining (D:10)
  7 ogres
  A centaur (D:5)
  20 crocodiles
  A big kobold (D:8)
  7 bullfrogs
  A wyvern zombie (D:9)
  A scorpion (D:10)
  2 wyvern skeletons
  35 killer bees
  4 wights (D:8)
  2 howler monkeys
  4 electric eels
  A bullfrog zombie (D:5)
  7 crimson imps
  4 quasits
  6 hounds
  2 jellies (D:9)
  A gnoll shaman (D:7)
  2 orc priests (D:4)
  3 centaur skeletons
  10 orc wizards
  A bullfrog skeleton (D:7)
  9 iguanas
  6 worker ants
  4 yak simulacra (Lair:3)
  2 polar bear simulacra (Lair:3)
  2 wolf simulacra (Lair:3)
  5 hound skeletons
  A howler monkey zombie (D:7)
  3 gnolls (D:7)
  17 adders
  3 shadow imps
  2 oozes
  4 worms
  3 dart slugs
  16 leopard geckos
  36 orcs
  10 giant cockroaches
  6 goblins
  5 hobgoblins
  7 jackals
  11 kobolds
  6 quokkas
  3 ball pythons
  3 bats
  8 frilled lizards
  A jackal skeleton (D:4)
  6 rats
  3 river rat simulacra (Lair:3)
474 creatures vanquished.

Vanquished Creatures (others)
  A slave (D:8)
  A killer bee (Lair:3)
  An adder (D:3)
  A leopard gecko (Lair:4)
  An orc (D:3)
  7 fungi
  6 plants (Lair:2)
18 creatures vanquished.

Grand Total: 492 creatures vanquished

Notes
Turn   | Place    | Note
-------+----------+-------------------------------------------
     0 | D:1      | Eurus the Mummy Conjurer began the quest for the Orb.
     0 | D:1      | Reached XP level 1. HP: 13/13 MP: 4/4
   321 | D:1      | Reached XP level 2. HP: 18/20 MP: 5/5
   325 | D:1      | Learned a level 2 spell: Searing Ray
   366 | D:1      | Reached skill level 3 in Spellcasting
   699 | D:1      | Reached skill level 1 in Fighting
  1306 | D:1      | Reached XP level 3. HP: 26/26 MP: 7/7
  2019 | D:2      | Noticed Sigmund
  2227 | D:2      | Reached XP level 4. HP: 32/32 MP: 5/9
  2961 | D:3      | Found a radiant altar of Vehumet.
  3064 | D:3      | Noticed zaran's ghost (weakling OpFi)
  3065 | D:3      | Found a runed translucent door.
  3248 | D:3      | Reached skill level 4 in Spellcasting
  3248 | D:3      | Reached XP level 5. HP: 24/38 MP: 4/11
  3688 | D:4      | Noticed a phantom
  3833 | D:4      | Noticed a phantom
  4040 | D:4      | Found a snail-covered altar of Cheibriados.
  4049 | D:4      | Found a shimmering altar of Xom.
  4050 | D:4      | Found an iron altar of Okawaru.
  4053 | D:4      | Found a bloodstained altar of Trog.
  4100 | D:4      | Reached XP level 6. HP: 46/46 MP: 8/12
  4112 | D:4      | Learned a level 4 spell: Iskenderun's Mystic Blast
  4514 | D:4      | Reached skill level 1 in Shields
  4514 | D:4      | Reached skill level 5 in Conjurations
  4786 | D:4      | Reached skill level 1 in Armour
  4786 | D:4      | Reached skill level 1 in Translocations
  4786 | D:4      | Reached XP level 7. HP: 52/52 MP: 2/14
  4955 | D:5      | Entered Level 5 of the Dungeon
  4960 | D:5      | Reached skill level 5 in Spellcasting
  5476 | D:5      | Found a white marble altar of Elyvilon.
  5526 | D:5      | Found a stormy altar of Qazlal.
  5527 | D:5      | You fall into a shaft and drop 1 floor!
  5746 | D:6      | Noticed a hippogriff
  6019 | D:6      | Reached XP level 8. HP: 50/60 MP: 12/16
  6182 | D:6      | Found a shattered altar of Ashenzari.
  6202 | D:6      | Became a worshipper of Ashenzari the Shackled
  6488 | D:6      | Reached skill level 6 in Spellcasting
  6770 | D:5      | HP: 3/61 [centaur/arrow (1)]
  8096 | D:6      | Killed a hippogriff
  8615 | D:7      | Found an ancient bone altar of Kikubaaqudgha.
  8782 | D:7      | Found a staircase to the Ecumenical Temple.
  8808 | D:7      | Reached skill level 5 in Fighting
  8808 | D:7      | Reached XP level 9. HP: 67/68 MP: 10/18
  8937 | Temple   | Entered the Ecumenical Temple
  9036 | D:7      | Noticed Joseph
  9806 | D:8      | Noticed a two-headed ogre
 10056 | D:8      | Killed a two-headed ogre
 10056 | D:8      | Reached skill level 7 in Spellcasting
 10388 | D:8      | Noticed Pikel
 10406 | D:7      | Killed Pikel
 10776 | D:8      | Reached XP level 10. HP: 76/76 MP: 17/21
 10954 | D:8      | Found a glowing golden altar of the Shining One.
 11325 | D:9      | Reached * piety under Ashenzari
 11348 | D:9      | Reached skill level 8 in Spellcasting
 11603 | D:9      | Noticed a two-headed ogre
 11614 | D:9      | Killed a two-headed ogre
 12065 | D:9      | Noticed Gargoyl's ghost (novice CeAK)
 12066 | D:9      | Found a runed translucent gate.
 12066 | D:9      | Found a runed translucent gate.
 12066 | D:9      | Found a runed translucent gate.
 12093 | D:9      | Found a burning altar of Makhleb.
 12402 | D:10     | Entered Level 10 of the Dungeon
 12468 | D:10     | Noticed a two-headed ogre
 12538 | D:10     | Found a runed translucent gate.
 12539 | D:10     | Found a runed translucent gate.
 12540 | D:10     | Found a runed translucent gate.
 12540 | D:10     | Noticed a brown ugly thing
 12739 | D:10     | Killed a two-headed ogre
 12739 | D:10     | Reached skill level 5 in Armour
 12739 | D:10     | Reached skill level 5 in Shields
 12933 | D:10     | Reached skill level 5 in Translocations
 13738 | D:10     | Noticed a purple ugly thing
 13739 | D:10     | Noticed a green ugly thing
 13740 | D:10     | Noticed a white ugly thing
 13944 | D:11     | Noticed a two-headed ogre
 13963 | D:11     | Killed a two-headed ogre
 13963 | D:11     | Reached skill level 9 in Spellcasting
 13963 | D:11     | Reached XP level 11. HP: 49/84 MP: 10/24
 14876 | D:11     | Noticed an eight-headed hydra
 15000 | D:11     | Found a staircase to the Orcish Mines.
 15214 | D:11     | Found a staircase to the Lair.
 15880 | D:11     | Reached ** piety under Ashenzari
 16431 | D:11     | Killed an eight-headed hydra
 16656 | Lair:1   | Entered Level 1 of the Lair of Beasts
 18477 | Lair:2   | Reached skill level 10 in Spellcasting
 19484 | Lair:2   | Found a staircase to the Snake Pit.
 19513 | Lair:2   | Reached XP level 12. HP: 51/93 MP: 8/26
 20101 | Lair:2   | Noticed a death yak
 20101 | Lair:2   | Noticed a death yak
 20101 | Lair:2   | Noticed a death yak
 21397 | Lair:2   | Killed a death yak
 22772 | Lair:3   | Reached *** piety under Ashenzari
 23552 | Lair:3   | Reached skill level 11 in Spellcasting
 24994 | Lair:3   | Found a staircase to the Shoals.
 25245 | Lair:3   | Gained mutation: You are in touch with the powers of death.
                  | [Mummy growth]
 25245 | Lair:3   | Reached XP level 13. HP: 76/101 MP: 18/28
 28615 | Lair:5   | Identified the +5 whip of Valiance {freeze, rF+ rN+ MR-}
 29944 | Lair:6   | Entered Level 6 of the Lair of Beasts
 30085 | Lair:6   | Reached skill level 10 in Fighting
 30216 | Orc:1    | Entered Level 1 of the Orcish Mines
 30405 | D:11     | Slain by a two-headed ogre

Levels and vault maps discovered:
D:1:      lightli_molten_gateway, layout_basic
D:2:      layout_basic, uniq_crazy_yiuf_cottage, uniq_sigmund
D:3:      layout_loops_ring, fiery_altar_vehumet, hellmonk_ghost_happy_afterlife
D:4:      layout_rooms, grunt_temple_overflow_open, first_ration,
          minmay_door_square
D:5:      layout_cave_pods, overflow_temple_1_default, basic_altar,
          minmay_manual_mares
D:6:      layout_loops_ring, cheibrodos_ashenzari_chains, centaur_isle
D:7:      layout_loops_ring, kiku_gazebo_garden_becter,
          minmay_temple_entry_glass, uniq_joseph
D:8:      layout_cave_pools, lemuel_crystal_altar, uniq_pikel
D:9:      layout_rooms, kennysheep_mini, ebering_ghost_rock_garden
D:10:     layout_cross, ploomutoo_gammafunk_ghost_potion_laboratory
D:11:     layout_gridville, erik_lair_island, orc_0_dummy
Temple:   minmay_temple_forest_path
Lair:1:   layout_roguey, grunt_megastairs_5
Lair:2:   layout_small_grid, minmay_snake_entry_six_corridors,
          beast_lair_carwin_2
Lair:3:   hangedman_what_comes_after_a, layout_regular_city, shoals_dummy_entry,
          eino_house_with_fridge, infiniplex_staircase_pool,
          serial_bayou_shore_b
Lair:4:   lemuel_reptile_caves, layout_loops_ring, serial_bayou_shore_b
Lair:5:   layout_loops_ring
Lair:6:   due_jungle_book, layout_loops_ring, slime_dummy,
          chequers_serial_rivers_micro_b, grunt_megastairs_4
Orc:1:    layout_caves, mines2_david

Skill      XL: |  1  2  3  4  5  6  7  8  9 10 11 12 13 |
---------------+----------------------------------------+-----
Spellcasting   | 3 4 5 6 7 9 10 11 | 11.9
Fighting       | 1 2 3 4 5 6 7 8 9 10 | 10.0
Conjurations   | 4 5 6 7 8 9 |  9.4
Shields        | 1 2 3 4 5 6 7 8 |  8.0
Armour         | 1 2 3 4 5 6 7 8 |  8.1
Translocations | 1 2 3 4 5 6 7 8 |  8.0
Dodging        | |  1.5
Stealth        | |  1.5

Action                   |  1- 3 |  4- 6 |  7- 9 | 10-12 | 13-15 || total
-------------------------+-------+-------+-------+-------+-------++-------
Melee: Club              |    78 |    78 |    90 |       |       ||   246
       Unarmed           |     4 |       |       |       |       ||     4
       Whip              |       |       |     1 |     6 |       ||     7
       Spear             |       |       |       |    42 |     7 ||    49
 Cast: Magic Dart        |    40 |    45 |    79 |   205 |    75 ||   444
       Searing Ray       |     4 |    24 |    79 |   246 |   101 ||   454
       Iskenderun's Myst |       |       |       |    12 |     9 ||    21
  Use: Scroll            |       |       |     9 |     6 |     2 ||    17
 Stab: Sleeping          |     2 |       |     1 |     1 |       ||     4
Armor: Robe              |    14 |    31 |    11 |       |       ||    56
       Leather armour    |       |       |   104 |   183 |    54 ||   341
Dodge: Dodged            |    74 |    66 |   152 |   319 |    89 ||   700
Block: Kite shield       |       |       |       |       |    33 ||    33

Table legend:
 A = Non-vault XP
 B = Vault XP
 C = Vault XP percentage of total XP
 D = Non-vault monster count
 E = Vault monster count
 F = Vault count percentage of total count
                 A         B        C        D         E       F
            +---------+---------+-------+---------+---------+-------
      Total |   40449 |   14353 |  26.2 |     349 |     126 |  26.5
            +---------+---------+-------+---------+---------+-------
        D:1 |      64 |       0 |   0.0 |      25 |       0 |   0.0
        D:2 |      89 |       0 |   0.0 |      22 |       0 |   0.0
        D:3 |      81 |       0 |   0.0 |      17 |       0 |   0.0
        D:4 |     567 |       0 |   0.0 |      21 |       0 |   0.0
        D:5 |     369 |     110 |  23.0 |      13 |       1 |   7.1
        D:6 |    1322 |       0 |   0.0 |      27 |       0 |   0.0
        D:7 |     689 |     641 |  48.2 |      21 |       1 |   4.5
        D:8 |    1927 |       0 |   0.0 |      31 |       0 |   0.0
        D:9 |    1788 |       0 |   0.0 |      15 |       0 |   0.0
       D:10 |    3012 |       0 |   0.0 |      17 |       0 |   0.0
       D:11 |    4940 |     881 |  15.1 |      28 |       8 |  22.2
     Lair:1 |    4090 |     367 |   8.2 |      19 |       1 |   5.0
     Lair:2 |    6791 |    1946 |  22.3 |      33 |      17 |  34.0
     Lair:3 |    2504 |    8353 |  76.9 |      11 |      66 |  85.7
     Lair:4 |    5679 |    1801 |  24.1 |      25 |      31 |  55.4
     Lair:5 |    5278 |       0 |   0.0 |      18 |       0 |   0.0
     Lair:6 |    1259 |     254 |  16.8 |       6 |       1 |  14.3
            +---------+---------+-------+---------+---------+-------
